 Dungeon Crawl Stone Soup version 0.31-a0-885-gbe960a18b5 (webtiles) character file.

Game seed: 8427834611102226040

14597 BinkBink the Carver (level 12, -15/115 HPs)
             Began as a Gargoyle Hunter on Oct 16, 2023.
             Was a High Priest of Qazlal.
             Demolished by a death yak (19 damage)
             ... in a Gauntlet.
             The game lasted 00:29:36 (12763 turns).

BinkBink the Carver (Gargoyle Hunter)              Turns: 12763, Time: 00:29:37

Health: -15/115    AC: 36    Str: 15    XL:     12   Next: 18%
Magic:  12/12      EV:  2    Int: 11    God:    Qazlal [*****.]
Gold:   523        SH:  6    Dex: 17    Spells: 11/11 levels left

rFire   . . .        e - +4 great sword (protect)
rCold   . . .        (shield currently unavailable)
rNeg    + . .        s - melded +2 ring mail of Ugaskaal {rPois rC+ Slay+2}
rPois   ∞            f - melded +2 helmet
rElec   .            C - melded +0 cloak
rCorr   .            F - melded +0 pair of gloves
SInv    .            G - melded +2 pair of boots
Will    .....        i - amulet of the acrobat
Stlth   +            (no ring)
HPRegen 0.39/turn    (no ring)
MPRegen 0.13/turn

%: no teleportation, repel missiles, acrobat
@: tree-form, protected from physical damage, under a protective aura, hasted,
very quick
A: stationary, stasis, torment immunity, boosted hp, sickness immunity, AC +8,
negative energy resistance 1, (electricity resistance), torment resistance 1,
petrification resistance
a: Renounce Religion, Upheaval, Elemental Force, Disaster Area


You were in a Gauntlet.
You worshipped Qazlal.
Qazlal was extremely pleased with you.
You were a tree.
You visited 1 branch of the dungeon, and saw 12 of its levels.
You also visited: Gauntlet.

You collected 523 gold pieces.

Inventory:

Hand Weapons
 a - a +0 shortbow
 e - a +4 great sword of protection (weapon)
 p - a +0 falchion
 w - a +0 long sword
 B - a +3 long sword
Armour
 f - a +2 helmet (melded)
 r - a +0 scale mail
 s - the +2 ring mail of Ugaskaal (melded) {rPois rC+ Slay+2}
   (You found it on level 12 of the Dungeon)

   Slay+2:    It affects your accuracy & damage with ranged weapons and melee
   (+2).
   rC+:       It protects you from cold.
   rPois:     It protects you from poison
 C - a +0 cloak (melded)
 E - the +1 leather armour of Kuju {*Slow rN+++ Str+5}
   (You found it on level 7 of the Dungeon)

   Str+5:     It affects your strength (+5).
   rN+++:     It renders you almost immune to negative energy.
   *Slow:     It may slow you when you take damage.
 F - a +0 pair of gloves (melded)
 G - a +2 pair of boots (melded)
Jewellery
 c - an amulet of reflection
 i - an amulet of the acrobat (around neck)
 y - a ring of magical power
 I - a +4 ring of protection
Wands
 g - a wand of polymorph (13)
 q - a wand of quicksilver (11)
 z - a wand of flame (26)
Scrolls
 h - 4 scrolls of fog
 j - 3 scrolls of teleportation
 k - 4 scrolls of amnesia
 n - 3 scrolls of enchant armour
 t - a scroll of vulnerability
 v - a scroll of blinking
Potions
 d - 2 potions of brilliance
 l - 2 potions of might
 m - a potion of lignification
 o - 2 potions of mutation
 u - 3 potions of attraction
 D - 3 potions of magic
 H - a potion of cancellation


   Skills:
 + Level 10.0 Fighting
 * Level 11.1 Long Blades
 - Level 4.6 Ranged Weapons
 + Level 9.3 Armour
 + Level 7.6 Dodging
 - Level 1.1 Stealth


You had 11 spell levels left.
You didn't know any spells.
Your spell library contained the following spells:

 Spells                   Type           Power      Damage    Failure   Level
 Shock                    Conj/Air       0%         1d3       34%         1
 Poisonous Vapours        Pois/Air       0%         N/A       47%         2
 Mephitic Cloud           Conj/Pois/Air  0%         N/A       71%         3
 Swiftness                Air            0%         N/A       71%         3
 Airstrike                Air            0%         2d(0-16)  98%         4
 Animate Dead             Necr           0%         N/A       98%         4
 Vhi's Electric Charge    Tloc/Air       0%         N/A       98%         4
 Arcjolt                  Conj/Air       0%         1d10      100%        5
 Freezing Cloud           Conj/Ice/Air   0%         6-21      100%        5
 Haunt                    Necr/Summ      0%         N/A       100%        7
 Infestation              Necr           0%         N/A       100%        8
 Maxwell's Capacitive Co  Air            0%         ∞         100%        8


Dungeon Overview and Level Annotations

Branches:
Dungeon (12/15)            Temple (0/1) D:4            Lair (0/5) D:9
Gauntlet (1/1)
    Orc: D:9-12

Altars:
Ashenzari
Qazlal
Zin

Shops:
D:2 [

Annotations:
D:7 Jeremiah Gauntlet 7 transporters


Innate Abilities, Weirdness & Mutations

You are a tree.
Your roots penetrate the ground, keeping you stationary.
You cannot be teleported.
You are immune to unholy pain and torment.
Your maximum health is greatly increased.
Your equipment is partially melded.
You are immune to sickness and miasma.
((Your stone body is resilient. (AC +8)))
You are immune to poison.
You resist negative energy. (rN+)
((You are resistant to electric shocks. (rElec)))
You are resistant to unholy torment.
You are immune to petrification.


Message History

Being near the torpor snail leaves you feeling lethargic.
Okay, then.
As you read the scroll of torment, it crumbles to dust.
You feel a surge of unholy energy.
The death yak convulses!
The torpor snail convulses!
You feel yourself speed up.
The death yak gores you but does no damage.
Being near the torpor snail leaves you feeling lethargic.
The death yak gores you!
* * * LOW HITPOINT WARNING * * *
You feel more protected from physical attacks.
It was a potion of haste.
You feel yourself speed up.
You feel yourself speed up.
The death yak gores you but does no damage.
As you read the scroll of fear, it crumbles to dust.
You assume a fearsome visage.
The death yak resists with almost no effort.
The death yak looks frightened!
Being near the torpor snail leaves you feeling lethargic.
You feel yourself speed up.
Being near the torpor snail leaves you feeling lethargic.
Okay, then.
You barely miss the death yak.
You feel yourself speed up.
The death yak gores you but does no damage.
You hit the death yak.
Your weapon exudes an aura of protection.
The death yak is lightly wounded.
You block the death yak's attack.
As you read the scroll of butterflies, it crumbles to dust.
You hear the flapping of tiny wings.
The death yak is knocked back by the sudden gust.
Cornered, the death yak turns to fight!
You slice the death yak!!
The death yak is moderately wounded.
The torpor snail bites your butterfly!
Your butterfly dies!
Your butterfly disappears in a burst of colours!
The death yak gores you!!
You die...

### ### ### ### ### ### ### ###
###≈###≈###≈###≈###≈###≈###≈###≈#
≈#≈≈≈#≈≈≈#≈≈≈#≈≈≈#≈≈≈#≈≈≈#≈≈≈#≈≈≈
.................................
...#########...#########...######
...#..8#8..#.8.#bb#....#.8.#.....
...#!..8..u#...#♣Y#b##.#...#...##
...#..8.8.8#######'b##.#####).##.
...#©8.©.8##©.©#©wbb..Y#©.©#©##©.
...#..8.8G8#...###b#####...###..#
...#!..8..G#...#...b...#...##..##
...#..8#8..#8©8#.......#8©8#.....
...##############################
.................................
≈#≈≈≈#≈≈≈#≈≈≈#≈≈≈#≈≈≈#...8⌠8..8∩8


You could see 2 death yaks, a white ugly thing, a torpor snail and 2 glowing
orange brains.

Vanquished Creatures
  A boulder beetle (D:10)
  3 death yaks (Gauntlet)
  A two-headed ogre (D:8)
  Joseph (D:9)
  2 smoke demons (Gauntlet)
  A kobold demonologist (D:12)
  A red devil (Gauntlet)
  5 trolls
  3 hornets
  Prince Ribbit (D:7)
  Grinder (D:6)
  5 flying skulls (Gauntlet)
  2 centaur simulacra (D:12)
  3 slime creatures (D:12)
  2 shadows
  A water elemental (D:12)
  A wraith (D:8)
  2 wyverns (D:8)
  5 yaks
  A basilisk (D:9)
  A steam dragon (D:9)
  A water moccasin (D:6)
  An acid dragon (D:9)
  Duvessa (D:6)
  A meliai simulacrum (D:12)
  3 ice beasts
  2 orc warriors (D:8)
  3 black bears
  6 ogres (D:10)
  A wolf (D:12)
  4 centaurs
  A phantom (D:5)
  A kobold brigand (D:10)
  3 bullfrogs
  2 gnoll sergeants
  3 scorpions
  7 wights
  Dowan (D:6)
  5 killer bees (D:8)
  4 howler monkeys
  5 crimson imps (Gauntlet)
  10 orc priests
  A gnoll bouda (D:3)
  A hound (D:2)
  2 sleepcaps (D:6)
  3 iguanas (D:6)
  10 orc wizards
  Robin (D:4)
  14 gnolls
  11 adders
  8 river rats (D:8)
  2 shadow imps
  5 white imps
  2 worms
  A dart slug (D:3)
  27 orcs
  6 endoplasms
  3 giant cockroaches
  11 goblins
  11 hobgoblins
  7 kobolds
  3 quokkas
  5 ball pythons
  5 bats
  2 frilled lizards
  21 rats
270 creatures vanquished.

Notes
Turn   | Place    | Note
-------+----------+-------------------------------------------
     0 | D:1      | BinkBink the Gargoyle Hunter began the quest for the Orb.
     0 | D:1      | Reached XP level 1. HP: 12/12 MP: 1/1
    90 | D:1      | Reached XP level 2. HP: 18/18 MP: 2/2
   575 | D:1      | Found a faded altar of an unknown god.
   714 | D:2      | Reached XP level 3. HP: 4/23 MP: 3/3
   930 | D:2      | Found Zeeniku's Armour Boutique.
  1003 | D:2      | Reached XP level 4. HP: 28/28 MP: 4/4
  1749 | D:3      | Reached XP level 5. HP: 32/32 MP: 5/5
  1832 | D:3      | Reached skill level 1 in Long Blades
  1870 | D:3      | Found a stormy altar of Qazlal.
  1879 | D:3      | Found a glowing silver altar of Zin.
  1935 | D:3      | Became a worshipper of Qazlal Stormbringer
  2127 | D:4      | Noticed Robin
  2128 | D:4      | Reached skill level 1 in Armour
  2140 | D:4      | Killed Robin
  2275 | D:4      | Found a staircase to the Ecumenical Temple.
  2752 | D:4      | Reached XP level 6. HP: 16/38 MP: 6/6
  2876 | D:4      | Reached skill level 2 in Long Blades
  3311 | D:3      | Reached * piety under Qazlal
  3526 | D:5      | Entered Level 5 of the Dungeon
  3618 | D:5      | Noticed a black bear
  3636 | D:5      | Killed a black bear
  3637 | D:5      | Reached XP level 7. HP: 33/44 MP: 7/7
  3714 | D:5      | Reached skill level 3 in Long Blades
  4353 | D:6      | Reached skill level 5 in Fighting
  4353 | D:6      | Reached skill level 4 in Long Blades
  4403 | D:6      | Reached XP level 8. HP: 28/49 MP: 8/8
  4571 | D:6      | Noticed Dowan
  4571 | D:6      | Noticed Duvessa
  5475 | D:6      | Reached skill level 5 in Long Blades
  5483 | D:6      | Killed Duvessa
  5552 | D:6      | Killed Dowan
  5601 | D:6      | Noticed Grinder
  5602 | D:6      | Paralysed by Grinder for 3 turns
  5608 | D:6      | Paralysed by Grinder for 4 turns
  5617 | D:6      | Paralysed by Grinder for 3 turns
  5620 | D:6      | Killed Grinder
  5675 | D:6      | Reached ** piety under Qazlal
  5868 | D:6      | Reached XP level 9. HP: 52/55 MP: 9/9
  6178 | D:7      | Reached skill level 6 in Long Blades
  6178 | D:7      | Reached skill level 5 in Armour
  6325 | D:7      | Noticed Jeremiah
  6545 | D:6      | Reached skill level 5 in Dodging
  7030 | D:7      | Reached skill level 7 in Long Blades
  7257 | D:7      | Noticed Prince Ribbit
  7266 | D:7      | Killed Prince Ribbit
  7421 | D:7      | Identified the +1 leather armour of Kuju {*Slow rN+++
                  | Str+5}
  7845 | D:8      | Reached XP level 10. HP: 31/63 MP: 10/10
  8594 | D:8      | Reached *** piety under Qazlal
  8687 | D:8      | Reached skill level 8 in Long Blades
  8826 | D:9      | Noticed a two-headed ogre
  9053 | D:8      | Killed a two-headed ogre
  9712 | D:9      | Reached skill level 9 in Long Blades
 10244 | D:9      | Found a broken altar of Ashenzari.
 10395 | D:9      | Reached XP level 11. HP: 69/69 MP: 11/11
 10397 | D:9      | Found a staircase to the Lair.
 10431 | D:9      | Noticed Joseph
 10444 | D:9      | Killed Joseph
 10465 | D:9      | Reached **** piety under Qazlal
 10870 | D:10     | Entered Level 10 of the Dungeon
 11133 | D:10     | Noticed a boulder beetle
 11165 | D:10     | Killed a boulder beetle
 11884 | D:11     | Noticed a deep elf zephyrmancer
 11884 | D:11     | You fall into a shaft and drop 1 floor!
 11913 | D:12     | Reached skill level 10 in Long Blades
 12117 | D:12     | Identified the +2 ring mail of Ugaskaal {rPois rC+ Slay+2}
 12147 | D:12     | Found a gate leading to a gauntlet.
 12176 | Gauntlet | Entered a Gauntlet
 12176 | Gauntlet | Found a transporter.
 12185 | Gauntlet | Found a transporter.
 12188 | Gauntlet | Found a transporter.
 12189 | Gauntlet | Found a transporter.
 12197 | Gauntlet | Found a transporter.
 12200 | Gauntlet | Found a transporter.
 12201 | Gauntlet | Found a transporter.
 12213 | Gauntlet | Found a transporter.
 12214 | Gauntlet | Found a transporter.
 12217 | Gauntlet | Noticed a death yak
 12218 | Gauntlet | Found a transporter.
 12218 | Gauntlet | Noticed a death yak
 12220 | Gauntlet | Found a runed translucent gate.
 12220 | Gauntlet | Found a runed translucent gate.
 12220 | Gauntlet | Found a runed translucent gate.
 12220 | Gauntlet | Noticed a death yak
 12220 | Gauntlet | Noticed a death yak
 12221 | Gauntlet | Noticed a death yak
 12222 | Gauntlet | Found a transporter.
 12225 | Gauntlet | Found a transporter.
 12226 | Gauntlet | Found a transporter.
 12228 | Gauntlet | Noticed a glowing orange brain
 12233 | Gauntlet | Noticed a glowing orange brain
 12234 | Gauntlet | Found a transporter.
 12234 | Gauntlet | Noticed a white ugly thing
 12612 | Gauntlet | Reached ***** piety under Qazlal
 12616 | Gauntlet | Reached XP level 12. HP: 55/77 MP: 12/12
 12717 | Gauntlet | Killed a death yak
 12726 | Gauntlet | Killed a death yak
 12727 | Gauntlet | Reached skill level 10 in Fighting
 12727 | Gauntlet | Reached skill level 11 in Long Blades
 12737 | Gauntlet | Killed a death yak
 12753 | Gauntlet | HP: 1/115 [death yak (14)]
 12763 | Gauntlet | Demolished by a death yak

Illustrated notes

Levels and vault maps discovered:
D:1:      dpeg_arrival_stone_temple_mockup, layout_basic,
          chequers_ecumenical_altar_grove
D:2:      layout_rooms, serial_shops, nicolae_lakefront_shop, bh_walls_and_bars
D:3:      layout_basic, mainiacjoe_overflow_big_doors
D:4:      layout_gridville, minmay_temple_entry_drinking_statues,
          minmay_misc_feat_alley, uniq_robin
D:5:      layout_rooms, hangedman_decor_clover_reticule
D:6:      layout_basic, uniq_duvessa, uniq_grinder
D:7:      layout_rooms, uniq_prince_ribbit1, uniq_jeremiah
D:8:      layout_cave_pools, hangedman_decor_points, dk_rats_in_the_wall
D:9:      layout_layer_cave, evilmike_ruin_ashenzari, david_lair_generic,
          minmay_fractal_squares_5, uniq_joseph
D:10:     lemuel_ogre_cave, layout_irregular_city
D:11:     layout_layer_cave, elves_outpost_lemuel
D:12:     layout_small_grid, erik_orc_3, serial_ice, serial_ice_o, serial_ice_b,
          serial_ice_g, serial_ice_m, serial_ice_k, serial_ice_a, serial_ice_d,
          serial_ice_f, serial_ice_n, serial_ice_h, portal_ice_cave_entry_imps,
          gauntlet_entry_generic, eino_curves_01, minmay_checkerbox
Gauntlet: gammafunk_gauntlet_77_escape_option [minmay_gauntlet_arena_77_braids,
          minmay_gauntlet_arena_77_mess, minmay_gauntlet_arena_77_two_lines,
          minmay_gauntlet_arena_77_run_for_it,
          minmay_gauntlet_arena_77_terracotta_army, gauntlet_exit_green]

Skill      XL: |  1  2  3  4  5  6  7  8  9 10 11 12 |
---------------+-------------------------------------+-----
Fighting       | 3 4 5 6 7 8 9 10 | 10.0
Dodging        | 2 3 4 5 6 7 |  7.6
Long Blades    | 1 2 4 5 7 9 10 11 | 11.1
Armour         | 1 2 3 4 6 7 9 |  9.3
Ranged Weapons | |  4.6
Stealth        | |  1.1

Action                     |  1- 3 |  4- 6 |  7- 9 | 10-12 || total
---------------------------+-------+-------+-------+-------++-------
  Melee: Falchion          |       |    32 |       |       ||    32
         Long sword        |       |   192 |   160 |       ||   352
         Punch             |       |     2 |     2 |       ||     4
         Great sword       |       |       |   132 |   469 ||   601
   Fire: Shortbow          |    85 |    19 |       |       ||   104
    Use: Scroll            |       |    10 |     7 |     9 ||    26
         Potion            |       |       |     3 |     5 ||     8
 Armour: Leather armour    |    32 |     3 |    25 |   293 ||   353
         Scale mail        |       |   236 |   254 |       ||   490
         Skin              |       |       |     2 |    20 ||    22
         Ring mail         |       |       |       |   109 ||   109
  Dodge: Dodged            |    29 |   184 |   219 |   464 ||   896
         Repelled          |       |       |       |     1 ||     1
  Block: Other             |       |     1 |    31 |   120 ||   152

Table legend: (Time is in decaauts)
 A = Elapsed time spent in this place.
 B = Non-inter-level travel time spent in this place.
 C = Inter-level travel time spent in this place.
 D = Time resting spent in this place.
 E = Time spent auto-exploring this place.
 F = Levels seen in this place.
 G = Mean time per level.
                   A        B        C        D        E       F      G
               +--------+--------+--------+--------+--------+-----+--------+
         Total |  13127 |  12657 |    470 |   2252 |   7114 |  13 | 1009.8 |
       Dungeon |  12509 |  12039 |    470 |   2127 |   6939 |  12 | 1042.4 |
      Gauntlet |    617 |    617 |      0 |    125 |    175 |   1 |  617.0 |
               +--------+--------+--------+--------+--------+-----+--------+

Top non-repeatable levels by time:
     D:6: 2879 daAuts
     D:8: 1951 daAuts
     D:4: 1312 daAuts
     D:3: 1128 daAuts
     D:7: 1030 daAuts
    D:10: 1019 daAuts
     D:5: 895 daAuts
     D:9: 804 daAuts
     D:1: 717 daAuts
Gauntlet: 617 daAuts
     D:2: 456 daAuts
    D:12: 305 daAuts
    D:11: 7 daAuts
